 Dungeon Crawl Stone Soup version 0.26-a0-690-gcb57259078 (webtiles) character file.

Game seed: 12797926044063689762

4800 zazu2006 the Covert (level 10, 0/87 HPs)
             Began as a Naga Hedge Wizard on Oct 24, 2020.
             Was a Believer of Vehumet.
             Splashed by a jelly's acid (11 damage)
             ... on level 9 of the Dungeon.
             The game lasted 00:21:41 (11520 turns).

zazu2006 the Covert (Naga Hedge Wizard)            Turns: 11520, Time: 00:21:41

Health: 0/87       AC: 12    Str: 15    XL:     10   Next: 48%
Magic:  10/19      EV: 11    Int: 16    God:    Vehumet [**....]
Gold:   445        SH:  0    Dex: 10    Spells: 12/21 levels left

rFire    + . .     SeeInvis +   q - +1 dagger (elec)
rCold    + + .     Faith    .   (no shield)
rNeg     . . .     Spirit   .   y - +3 leather armour of the Snail {*Corrode rF+ rC++ Slay+3}
rPois    +         Reflect  .   u - +0 helmet
rElec    .         Harm     .   g - +0 cloak
rCorr    .         Rampage  .   H - +0 pair of gloves
MR       +....                  (no barding)
Stlth    ++++......             n - amulet of the acrobat
HPRegen  0.24/turn              (no ring)
MPRegen  0.16/turn              (no ring)

@: very slow
A: large, see invisible, deformed body, poison resistance, slowness 2, spit
poison 1, AC +3
a: Spit Poison, Renounce Religion


You were on level 9 of the Dungeon.
You worshipped Vehumet.
Vehumet was pleased with you.
You visited 2 branches of the dungeon, and saw 10 of its levels.

You collected 445 gold pieces.

Inventory:

Hand Weapons
 j - a +3 dagger
 k - a +1 dagger of freezing
 q - a +1 dagger of electrocution (weapon)
Armour
 g - a +0 cloak (worn)
 u - a +0 helmet (worn)
 y - the +3 leather armour of the Snail (worn) {*Corrode rF+ rC++ Slay+3}
   (You found it on level 7 of the Dungeon)

   It affects your accuracy and damage with ranged weapons and melee attacks
   (+3).
   It protects you from fire.
   It greatly protects you from cold.
   It may corrode you when you take damage.
 H - a +0 pair of gloves (worn)
Jewellery
 a - an uncursed ring of ice
 n - an amulet of the acrobat (around neck)
Wands
 c - a wand of enslavement (18)
 o - a wand of polymorph (23)
 p - a wand of flame (11)
 r - a wand of disintegration (4)
 x - a wand of digging (5)
 D - a wand of iceblast (10)
Scrolls
 b - 2 scrolls of magic mapping {unknown}
 d - 11 scrolls of teleportation {unknown}
 e - 3 scrolls of immolation {unknown}
 f - 16 scrolls of identify
 i - 5 scrolls of remove curse {unknown}
 l - 4 scrolls of fog {unknown}
 m - 2 scrolls of enchant weapon {unknown}
 v - a scroll of fear {unknown}
 B - a scroll of random uselessness {unknown}
 C - 2 scrolls of enchant armour {unknown}
 I - a scroll of amnesia {unknown}
Potions
 h - 3 potions of curing
 s - a potion of heal wounds {unknown}
 t - 2 potions of lignification
 w - a potion of mutation {unknown}
 z - 2 potions of cancellation {unknown}
 A - 2 potions of invisibility {unknown}
 E - a potion of berserk rage {unknown}
 F - 2 potions of brilliance {unknown}
 G - a potion of magic {unknown}
 J - a potion of stabbing {unknown}


   Skills:
 + Level 4.6 Fighting
 + Level 5.0 Armour
 + Level 4.5 Dodging
 + Level 9.3 Stealth
 + Level 6.3 Spellcasting
 + Level 5.3 Conjurations
   Level 1.0 Summonings
 + Level 1.7 Translocations
 + Level 3.6 Air Magic
 - Level 6.0 Poison Magic
 + Level 1.2 Evocations


You had 12 spell levels left.
You knew the following spells:

 Your Spells              Type           Power        Failure   Level
a - Magic Dart            Conj           ###.         1%          1
b - Mephitic Cloud        Conj/Pois/Air  ###.....     6%          3
c - Conjure Flame         Conj/Fire      ##......     16%         3
d - Blink                 Tloc           N/A          12%         2

Your spell library contained the following spells:

 Spells                   Type           Power        Failure   Level
 Sandblast                Erth           #.....       16%         1
 Spider Form              Tmut/Pois      ##........   14%         3
 Beastly Appendage        Tmut           #.....       16%         1
 Freeze                   Ice            #...         16%         1
 Call Imp                 Summ           #.......     16%         2
 Slow                     Hex            #.......     24%         2
 Wereblood                Tmut           #.......     24%         2
 Ice Form                 Ice/Tmut       #.......     85%         4
 Blade Hands              Tmut           #.........   99%         5


Dungeon Overview and Level Annotations

Branches:
Dungeon (9/15)             Temple (1/1) D:4             Orc (0/2) D:9
   Lair: D:8-11

Altars:
Ashenzari
Cheibriados
Dithmenos
Elyvilon
Fedhas
Gozag
Hepliaklqana
Kikubaaqudgha
Makhleb
Nemelex Xobeh
Okawaru
Ru
Sif Muna
Trog
Uskayaw
Vehumet
Wu Jian
Xom
Yredelemnul
Zin
The Shining One

Annotations:
D:9 Psyche


Innate Abilities, Weirdness & Mutations

You cannot wear boots.
Your serpentine skin is tough. (AC +3)
You have supernaturally acute eyesight. (SInv)
Armour fits poorly on your strangely shaped body.
Your system is resistant to poisons. (rPois)
You cover ground very slowly.
You can spit poison.


Message History

Aiming: Enslavement
Press: ? - help, Shift-Dir - straight line, f/p - jelly
Aim: a jelly (lightly wounded, chance to defeat MR: 58%)
The jelly resists with significant effort.
The jelly hits you but does no damage. The orc hits you but does no damage.
Psyche laughs secretively.
Unknown command.
You feel better.
You feel less wooden.
Your +0 cloak unmelds from your body.
Your +0 helmet unmelds from your body.
Your +0 pair of gloves unmelds from your body.
The +3 leather armour of the Snail {*Corrode rF+ rC++ Slay+3} unmelds from your body.
The jelly hits you but does no damage. The orc hits you but does no damage.
The orc priest invokes the aid of Beogh against you.
Beogh smites you!
* * * LOW HITPOINT WARNING * * *
You feel better. The jelly hits you.
* * * LOW HITPOINT WARNING * * *
You are splashed with acid!
You die...

......#.####
.......oo#
...###ooh#
#.)o#####
####....#
#....####
#.).....#
#'######)......#
#..h@J@oo......#
#.########.......#
#......#.........#
#####.....Z......#
#......#....######
#.####.........
#.#.....#.#####
#.#.#.#...#
#...#.#.###


You could see Psyche, a jelly, an orc priest, an orc and a jackal.

Vanquished Creatures
  Pikel (D:6)
  A manticore (D:8)
  A troll (D:8)
  Prince Ribbit (D:5)
  A warg (D:9)
  Eustachio (D:6)
  Duvessa (D:5)
  2 orc warriors
  An ice beast (D:9)
  A phantom (D:5)
  2 sky beasts (D:5)
  3 ogres
  2 centaurs
  3 lemures (D:6)
  Blork the orc (D:4)
  5 bullfrogs
  Dowan (D:5)
  A water moccasin zombie (D:8)
  6 scorpions
  4 killer bees (D:9)
  2 electric eels (D:8)
  A howler monkey (D:3)
  A crimson imp (D:6)
  A centaur zombie (D:8)
  5 orc priests
  A hound (D:6)
  10 orc wizards
  3 bullfrog skeletons
  4 iguanas
  Ijyb (D:5)
  6 worker ants
  A killer bee zombie (D:7)
  A hound zombie (D:5)
  A howler monkey zombie (D:9)
  A worker ant zombie (D:8)
  10 adders
  A shadow imp (D:6)
  A white imp (D:5)
  4 ufetubi
  2 oozes
  An adder zombie (D:6)
  A worm (D:2)
  8 leopard geckos
  20 orcs
  10 giant cockroaches
  11 goblins
  6 hobgoblins
  14 jackals
  7 kobolds
  5 quokkas
  5 ball pythons (D:1)
  7 bats
  4 frilled lizards
  A jackal skeleton (D:5)
  2 quokka skeletons
  8 rats
206 creatures vanquished.

Vanquished Creatures (collateral kills)
  2 orcs (D:9)
  A jackal (D:9)
3 creatures vanquished.

Vanquished Creatures (others)
  A warg (D:9)
  5 fungi (D:9)
  20 plants
26 creatures vanquished.

Grand Total: 235 creatures vanquished

Notes
Turn   | Place    | Note
-------+----------+-------------------------------------------
     0 | D:1      | zazu2006 the Naga Hedge Wizard began the quest for the Orb.
     0 | D:1      | Reached XP level 1. HP: 15/15 MP: 4/4
   296 | D:1      | Reached XP level 2. HP: 22/22 MP: 4/6
   784 | D:1      | Reached XP level 3. HP: 26/28 MP: 1/8
  2062 | D:2      | Reached XP level 4. HP: 35/36 MP: 0/10
  2091 | D:2      | Learned a level 3 spell: Mephitic Cloud
  2095 | D:2      | Learned a level 3 spell: Conjure Flame
  2098 | D:2      | Learned a level 2 spell: Blink
  2163 | D:2      | Found an opulent altar of Gozag.
  2532 | D:3      | Reached skill level 1 in Poison Magic
  2685 | D:3      | Reached XP level 5. HP: 15/43 MP: 3/11
  3316 | D:3      | Reached skill level 4 in Stealth
  4260 | D:4      | Reached XP level 6. HP: 18/50 MP: 9/12
  4867 | D:4      | Reached skill level 1 in Fighting
  4867 | D:4      | Reached skill level 1 in Armour
  4867 | D:4      | Reached XP level 7. HP: 44/57 MP: 1/13
  5070 | D:4      | Found a staircase to the Ecumenical Temple.
  5122 | Temple   | Entered the Ecumenical Temple
  5241 | D:4      | Noticed Blork the orc
  5250 | D:4      | Killed Blork the orc
  5455 | D:4      | Found a sparkling altar of Nemelex Xobeh.
  5553 | D:4      | Reached skill level 5 in Stealth
  5723 | D:5      | Entered Level 5 of the Dungeon
  5911 | D:5      | Found a white marble altar of Elyvilon.
  5917 | D:5      | Noticed Prince Ribbit
  5933 | D:5      | Killed Prince Ribbit
  5933 | D:5      | Reached skill level 5 in Spellcasting
  5933 | D:5      | Reached skill level 1 in Air Magic
  5933 | D:5      | Reached XP level 8. HP: 41/64 MP: 13/15
  6307 | D:5      | Found a shimmering blue altar of Sif Muna.
  6314 | D:5      | Reached skill level 6 in Stealth
  6417 | D:5      | Reached skill level 5 in Poison Magic
  6427 | D:5      | Noticed Duvessa
  6427 | D:5      | Noticed Dowan
  6441 | D:5      | Killed Duvessa
  6446 | D:5      | Killed Dowan
  6609 | D:5      | Found a hide-covered altar of Uskayaw.
  6856 | D:5      | Noticed Ijyb
  6878 | D:5      | Killed Ijyb
  6972 | D:5      | Identified Sif Muna's Collected Works on the Snowflakes
  7083 | D:6      | Found an opulent altar of Gozag.
  7088 | D:6      | Found a basalt altar of Yredelemnul.
  7093 | D:6      | Found an ancient bone altar of Kikubaaqudgha.
  7348 | D:6      | Found a radiant altar of Vehumet.
  7389 | D:6      | Became a worshipper of Vehumet
  7409 | D:6      | Found an iron altar of Okawaru.
  7428 | D:6      | Reached XP level 9. HP: 64/74 MP: 17/17
  7819 | D:6      | Noticed Eustachio
  7832 | D:6      | Killed Eustachio
  8064 | D:6      | Noticed Pikel
  8078 | D:6      | Killed Pikel
  8078 | D:6      | Reached skill level 7 in Stealth
  8477 | D:6      | Found a shimmering altar of Xom.
  8478 | D:6      | Found a burning altar of Makhleb.
  8672 | D:7      | Got a fading leather armour
  9213 | D:7      | Reached * piety under Vehumet
  9213 | D:7      | Offered knowledge of Shock by Vehumet.
  9548 | D:7      | Identified the +3 leather armour of the Snail {*Corrode rF+
                  | rC++ Slay+3} (You found it on level 7 of the Dungeon)
  9878 | D:8      | Reached skill level 8 in Stealth
  9979 | D:8      | Reached XP level 10. HP: 44/85 MP: 9/18
 10176 | D:8      | Found a hazy altar of Hepliaklqana.
 10177 | D:8      | Found a glowing golden altar of the Shining One.
 10178 | D:8      | Found a hide-covered altar of Uskayaw.
 10178 | D:8      | Found an iron altar of Okawaru.
 10197 | D:8      | Found a shadowy altar of Dithmenos.
 10635 | D:8      | Noticed a manticore
 11022 | D:8      | Reached skill level 9 in Stealth
 11143 | D:8      | Killed a manticore
 11143 | D:8      | Reached skill level 5 in Armour
 11348 | D:9      | Reached skill level 5 in Conjurations
 11452 | D:9      | Found a staircase to the Orcish Mines.
 11483 | D:9      | Reached ** piety under Vehumet
 11492 | D:9      | Reached skill level 1 in Evocations
 11501 | D:9      | Offered knowledge of Sandblast by Vehumet.
 11511 | D:9      | Noticed Psyche
 11519 | D:9      | HP: 4/87 [orc priest/divine providence (8)]
 11520 | D:9      | Splashed by a jelly's acid

Illustrated notes

Levels and vault maps discovered:
D:1:      eino_arrival_cavern_b, layout_loops_ring, minmay_shallow_snake_nest
D:2:      layout_basic, nicolae_gozag_seed_capital
D:3:      minmay_thinvault, layout_loops_ring
D:4:      layout_loops_ring, minmay_temple_entry_steel_oval,
          nemelex_spade_bored_becter, uniq_blork_the_orc
D:5:      layout_rooms, nicolae_overflow_crystal_walls, basic_altar,
          grunt_ministairs_4, nrook_mini_vaults, led_sif_book, uniq_duvessa,
          uniq_prince_ribbit1, uniq_ijyb
D:6:      layout_layer_cave, grunt_temple_overflow_champion_of_chaos,
          vehumet_crystals, minmay_overflow_temple_star_quad,
          minmay_ruined_shrine, uniq_eustachio, uniq_pikel
D:7:      layout_basic, serial_bayou_pond_e
D:8:      layout_basic, grunt_temple_overflow_open, grunt_ministairs_14,
          kennysheep_crisscross, minmay_shattered_shrine
D:9:      layout_basic, nicolae_qazlal_style_of_elements,
          minmay_lair_entry_grove, minmay_orc_entry_guard_dogs, roderic_batcave,
          uniq_psyche
Temple:   dpeg_three_leaves_temple

Skill      XL: |  1  2  3  4  5  6  7  8  9 10 |
---------------+-------------------------------+-----
Spellcasting   | 4 5 6 |  6.3
Conjurations   | 2 3 4 5 |  5.3
Poison Magic   | 1 2 3 4 5 6 |  6.0
Dodging        | 2 3 4 |  4.5
Stealth        | 4 5 6 8 9 |  9.3
Fighting       | 1 2 3 4 |  4.6
Armour         | 1 2 4 5 |  5.0
Air Magic      | 1 2 3 |  3.6
Evocations     | 1 |  1.2
Summonings     | |  1.0
Translocations | |  1.7

Action                   |  1- 3 |  4- 6 |  7- 9 | 10-12 || total
-------------------------+-------+-------+-------+-------++-------
Melee: Dagger            |    15 |   116 |   394 |    73 ||   598
 Cast: Magic Dart        |    81 |    63 |    17 |     7 ||   168
       Mephitic Cloud    |       |     9 |    27 |    18 ||    54
       Blink             |       |     1 |     2 |     1 ||     4
       Conjure Flame     |       |       |     1 |       ||     1
 Abil: Spit Poison       |    21 |    27 |     9 |     5 ||    62
Evoke: Wand              |       |       |     5 |     9 ||    14
  Use: Scroll            |       |       |     1 |       ||     1
       Potion            |       |       |       |     4 ||     4
 Stab: Confused          |       |     1 |    10 |     4 ||    15
       Sleeping          |       |     1 |    11 |     1 ||    13
Armor: Robe              |     4 |    19 |       |       ||    23
       Leather armour    |       |    19 |    44 |    23 ||    86
       Ring mail         |       |       |    90 |       ||    90
       Skin              |       |       |       |    16 ||    16
Dodge: Dodged            |    28 |    84 |   230 |    47 ||   389

Table legend: (Time is in decaauts)
 A = Elapsed time spent in this place.
 B = Non-inter-level travel time spent in this place.
 C = Inter-level travel time spent in this place.
 D = Time resting spent in this place.
 E = Time spent auto-exploring this place.
 F = Levels seen in this place.
 G = Mean time per level.
                   A        B        C        D        E       F      G
               +--------+--------+--------+--------+--------+-----+--------+
         Total |  13829 |  13492 |    337 |   1219 |  10146 |  10 | 1382.9 |
       Dungeon |  13712 |  13398 |    314 |   1219 |  10052 |   9 | 1523.6 |
        Temple |    116 |     94 |     22 |      0 |     93 |   1 |  116.0 |
               +--------+--------+--------+--------+--------+-----+--------+

Top non-repeatable levels by time:
     D:3: 2362 daAuts
     D:6: 2080 daAuts
     D:8: 2065 daAuts
     D:1: 1840 daAuts
     D:5: 1509 daAuts
     D:4: 1436 daAuts
     D:7: 1193 daAuts
     D:2: 1000 daAuts
     D:9: 223 daAuts
  Temple: 116 daAuts
